[Event "Team 45 45 League T44"]
[Site "Internet Chess Club"]
[Date "2010.02.12"]
[Round "2"]
[White "fishhead"]
[Black "AVEMARIA"]
[Result "1/2-1/2"]
[WhiteElo "1857"]
[BlackElo "1750"]
[Opening "French: advance, Paulsen attack"]
[ECO "C02"]
[Time "14:00:26"]
[TimeControl "2700+45"]

1. e4 e6 2. d4 d5 3. e5 c5 4. c3 Nc6 5. Nf3 Qb6 6. Be2 cxd4 7. cxd4 Nh6 8. b3
Nf5 9. Be3 Bb4+ 10. Kf1 Nxe3+ 11. fxe3 Bd7 12. a3 Be7 13. Nbd2 O-O 14. g4 f6 15.
exf6 Bxf6 16. Kg2 Qd8 17. h4 e5 18. g5 e4 19. gxf6 exf3+ 20. Bxf3 Qxf6 21. Bxd5+
Kh8 22. Rh2 Qf2+ 23. Kh1 Qxe3 24. Qg1 Qxd4 25. Qxd4 Nxd4 26. Bxb7 Rab8 27. Bd5
Nc2 28. Rc1 Ne3 29. Be4 Ng4 30. Re2 Bb5 31. Nc4 Nf2+ 32. Kh2 Rbe8 33. Bf3 Nd3
34. Rxe8 Bxe8 35. Rf1 Bc6 36. Kg3 h5 37. Nd2 Bxf3 38. Rxf3 Rxf3+ 39. Kxf3 Kg8
40. Ke4 Nc1 41. b4 Kf7 42. Kd5 Na2 43. Ne4 Nc1 44. Nd6+ Ke7 45. Nc8+ Kf6 46.
Nxa7 g5 47. hxg5+ Kxg5 48. Nc6 h4 49. Ke4 Ne2 50. Kf3 h3 51. Ne5 Kf5 52. Nd3
Nd4+ 53. Kg3 Ke4 54. Nf2+ Kd5 {Game drawn by mutual agreement} 1/2-1/2

[Event "Team 45 45 League T44"]
[Site "Internet Chess Club"]
[Date "2010.02.13"]
[Round "2"]
[White "GadsHill"]
[Black "isolani"]
[Result "1/2-1/2"]
[WhiteElo "1498"]
[BlackElo "1658"]
[Opening "Nimzo-Indian: classical variation"]
[ECO "E32"]
[Time "15:00:52"]
[TimeControl "2700+45"]

1. d4 Nf6 2. c4 e6 3. Nc3 Bb4 4. Qc2 O-O 5. a3 Bxc3+ 6. Qxc3 Ne4 7. Qc2 d5 8. e3
Nd7 9. Bd3 Ndf6 10. Nf3 b6 11. O-O Bb7 12. Ne5 c5 13. dxc5 Nxc5 14. cxd5 Nxd3
15. Qxd3 exd5 16. Nf3 Re8 17. b3 a5 18. Rd1 Ba6 19. Qd2 Qe7 20. Bb2 Rad8 21. Nd4
Bb7 22. Rac1 Ne4 23. Qc2 Rc8 24. Qd3 Qf6 25. f3 Nc5 26. Qe2 Qg6 27. Qf2 Nd3 28.
Rxc8 Rxc8 29. Qd2 Nxb2 30. Qxb2 h5 31. Rc1 Qd3 32. Rxc8+ Bxc8 33. Kf2 Ba6 34.
Qe2 Qxd4 35. exd4 Bxe2 36. Kxe2 Kf8 {Game drawn by mutual agreement} 1/2-1/2

[Event "Team 45 45 League T44"]
[Site "Internet Chess Club"]
[Date "2010.02.15"]
[Round "2"]
[White "joshtournman"]
[Black "jericho121"]
[Result "0-1"]
[WhiteElo "1433"]
[BlackElo "1525"]
[Opening "Pirc: Austrian attack"]
[ECO "B09"]
[Time "14:00:18"]
[TimeControl "2700+45"]

1. d4 Nf6 2. Nc3 g6 3. e4 d6 4. f4 Bg7 5. Nf3 Bg4 6. Be2 O-O 7. h3 Bxf3 8. Bxf3
c6 9. O-O Nbd7 10. e5 dxe5 11. dxe5 Ne8 12. Be3 Nc7 13. Qe2 e6 14. Rad1 Nd5 15.
Ne4 f6 16. exf6 N5xf6 17. Nc5 Qe7 18. Nxb7 Nd5 19. c4 Nxf4 20. Bxf4 Rxf4 21.
Bxc6 Rxf1+ 22. Qxf1 Ne5 23. Bf3 Nxf3+ 24. Qxf3 Rb8 25. Nd6 Rxb2 26. Qa8+ Bf8 27.
Kh1 Rxa2 28. Nc8 Qf6 29. Nxa7 Qf7 30. Rd8 Ra1+ 31. Kh2 Qf4+ 32. g3 Qf2+ 33. Qg2
Qxg2+ 34. Kxg2 Rxa7 35. Rc8 Ra5 36. Kf3 Rc5 {White resigns} 0-1

[Event "Team 45 45 League T44"]
[Site "Internet Chess Club"]
[Date "2010.02.14"]
[Round "2"]
[White "AngryPirate"]
[Black "arconia"]
[Result "1-0"]
[WhiteElo "1471"]
[BlackElo "1347"]
[Opening "Sicilian: Grand Prix attack"]
[ECO "B23"]
[Time "13:00:55"]
[TimeControl "2700+45"]

1. e4 c5 2. Nc3 Nc6 3. f4 e6 4. Nf3 d6 5. Bb5 Nf6 6. Bxc6+ bxc6 7. e5 Nh5 8. d3
d5 9. g4 Nf6 10. exf6 Qxf6 11. Qe2 Bd6 12. f5 Qd8 13. fxe6 fxe6 14. b3 O-O 15.
Bg5 Qa5 16. Bd2 Qc7 17. O-O-O a5 18. Na4 c4 19. dxc4 Ba3+ 20. Kb1 Bd7 21. Bc1
Bxc1 22. Kxc1 c5 23. Nb2 Rab8 24. Rhf1 Qb6 25. cxd5 a4 26. Nxa4 Bxa4 27. Qxe6+
Qxe6 28. dxe6 Bb5 29. c4 Bc6 30. Ne5 Bg2 31. Rxf8+ Rxf8 32. Nd3 Bf3 33. h3 Bxd1
34. Kxd1 Rf3 35. Nxc5 Rxh3 36. a4 Rg3 37. a5 Rxg4 38. a6 Rd4+ 39. Kc2 Rd8 40.
Kc3 h5 41. Nb7 Re8 42. a7 h4 43. Nd6 Ra8 44. e7 {Black resigns} 1-0

[Event "Team 45 45 League T44"]
[Site "Internet Chess Club"]
[Date "2010.02.14"]
[Round "2"]
[White "carambola"]
[Black "dabodhi"]
[Result "1-0"]
[WhiteElo "1327"]
[BlackElo "1167"]
[Opening "Bird's opening"]
[ECO "A02"]
[Time "13:03:34"]
[TimeControl "2700+45"]

1. f4 b6 2. b3 Bb7 3. Bb2 Nf6 4. e3 e6 5. d3 d5 6. d4 a6 7. Nd2 Bb4 8. c3 Bd6 9.
h3 Nbd7 10. Ngf3 h6 11. Bd3 Ne4 12. O-O Ng3 13. Rf2 Qh4 14. Nxh4 Nf6 15. Ng6
fxg6 16. Bxg6+ Kd7 17. Nf3 Nfe4 18. Ne5+ Ke7 19. Qg4 Bxe5 20. fxe5 Nxf2 21. Ba3+
c5 22. Qxg3 Rhf8 23. Qh4+ Kd7 24. b4 Ne4 25. Bxe4 dxe4 26. bxc5 Rf5 27. cxb6 Kc6
28. Bc5 Re8 29. Qxe4+ Kb5 30. Qxb7 Kc4 31. Qxa6+ Kxc3 32. Rd1 Rf7 33. Qd3+ Kb2
34. Qb3# {Black checkmated} 1-0

[Event "Team 45 45 League T44"]
[Site "Internet Chess Club"]
[Date "2010.02.13"]
[Round "2"]
[White "Tamarin"]
[Black "GiulioCre"]
[Result "1-0"]
[WhiteElo "1503"]
[BlackElo "1350"]
[Opening "Old Indian defense"]
[ECO "A54"]
[Time "03:30:09"]
[TimeControl "2700+45"]

1. d4 d6 2. c4 Nf6 3. Nc3 Nbd7 4. Nf3 e5 5. e3 Be7 6. b3 c6 7. Bb2 O-O 8. Be2
Qc7 9. Rc1 exd4 10. exd4 d5 11. cxd5 cxd5 12. Nxd5 Qa5+ 13. Nc3 Ne4 14. O-O Nxc3
15. Bxc3 Bb4 16. Bxb4 Qxb4 17. Rc4 Qe7 18. Re1 Nf6 19. Bd3 Be6 20. Bf5 Qd6 21.
Bxe6 fxe6 22. Qd3 b5 23. Rc5 a6 24. Rce5 Rfe8 25. Ng5 Rac8 26. h3 Qa3 27. Rxe6
Rxe6 28. Nxe6 Rc1 29. Rxc1 Qxc1+ 30. Kh2 Qe1 31. Qe3 Qxe3 32. fxe3 Kf7 33. Ng5+
Kg6 34. Ne6 a5 35. Nc5 Kf5 36. g4+ Kg5 37. e4 Kf4 38. e5 Nd5 39. Ne6+ Ke4 40. h4
Nc3 41. a3 a4 42. bxa4 bxa4 43. Nxg7 Kxd4 44. e6 Nd5 45. Nf5+ Ke5 46. e7 Nxe7
47. Nxe7 Kd4 48. g5 Kc3 49. Nd5+ Kb3 50. Nb6 Kxa3 51. h5 Kb3 52. Nxa4 Kxa4 53.
g6 hxg6 54. hxg6 Kb4 55. g7 Kc4 56. g8=Q+ Kd3 57. Qd8+ Ke3 58. Qd5 Kf2 59. Qe4
Kf1 60. Kg3 Kg1 61. Qe1# {Black checkmated} 1-0

[Event "Team 45 45 League T44"]
[Site "Internet Chess Club"]
[Date "2010.02.13"]
[Round "2"]
[White "dxf"]
[Black "rgadoury"]
[Result "0-1"]
[WhiteElo "1202"]
[BlackElo "1262"]
[Opening "Queen's pawn"]
[ECO "A40"]
[Time "12:00:17"]
[TimeControl "2700+45"]

1. d4 c6 2. Nf3 g6 3. Bf4 d6 4. e3 Bg7 5. Bd3 Nf6 6. Nbd2 O-O 7. c3 Nbd7 8. Qb3
c5 9. Ne4 Nxe4 10. Bxe4 Rb8 11. Ng5 Nf6 12. Bd3 a6 13. Bc4 d5 14. Bxb8 dxc4 15.
Qxc4 h6 16. Nf3 Be6 17. Qxc5 Nd7 18. Qc7 Nxb8 19. Qxd8 Rxd8 20. O-O-O Bxa2 21.
Kc2 Bd5 22. Nh4 Bf6 23. Nf3 Nd7 24. Rhe1 Be4+ 25. Kc1 Nb6 26. Rg1 a5 27. Nd2 Bc6
28. g4 e5 29. f4 exf4 30. exf4 g5 31. f5 Kg7 32. h3 a4 33. Kb1 Bd5 34. Nf1 Be7
35. Ng3 f6 36. Nh5+ Kf7 37. h4 a3 38. hxg5 hxg5 39. bxa3 Bxa3 40. Ng3 Bf3 41.
Rd3 Bxg4 42. Rh1 Bxf5 43. Nxf5 Kg6 44. Rf3 Nc4 45. Rh6+ Kf7 46. Ka2 Bc1 47. Ng3
Ra8+ 48. Kb1 Nd2+ 49. Kxc1 Nxf3 50. Rh7+ Kg6 51. Rxb7 Rh8 52. Rb6 Nh2 53. Ne4
Ng4 54. Kc2 Kf5 55. Ng3+ Kf4 56. Ne2+ Kf5 57. Kd3 Re8 58. Ng3+ Kg6 59. Ne4 Rf8
60. c4 Rh8 61. c5 Rh3+ 62. Kc4 Kf7 63. Kd5 Ne3+ 64. Kc6 g4 65. Rb3 Nf5 66. Rc3
Nxd4+ 67. Kd5 Rxc3 68. Kxd4 Ra3 69. Kd5 Ke7 70. c6 Rd3+ 71. Kc4 Rd6 72. Nxd6
Kxd6 73. Kb5 Kc7 {White resigns} 0-1

[Event "Team 45 45 League T44"]
[Site "Internet Chess Club"]
[Date "2010.02.14"]
[Round "2"]
[White "aapt"]
[Black "Leslee52"]
[Result "0-1"]
[WhiteElo "1341"]
[BlackElo "1175"]
[Opening "Petrov: modern (Steinitz) attack"]
[ECO "C43"]
[Time "20:30:10"]
[TimeControl "2700+45"]

1. e4 e5 2. Nf3 Nf6 3. d4 Ng4 4. Be2 d6 5. O-O Nc6 6. d5 Nd4 7. Nxd4 Qh4 8. Nf3
Qh5 9. h3 Nxf2 10. Rxf2 Bxh3 11. gxh3 Qxh3 12. Bf1 Qh5 13. Rh2 Qg4+ 14. Rg2 Qh5
15. Rg5 Qh6 16. Rg4 Qf6 17. Bg5 Qg6 18. Nh4 Qh5 19. Be2 f6 20. Rg3 Qf7 21. Be3
Be7 22. Nf5 g6 23. Nxe7 Qxe7 24. Bh6 O-O-O 25. Nc3 f5 26. Bg5 Qf7 27. Bxd8 Kxd8
28. Rf3 Qg7 29. Qf1 f4 30. Qh3 g5 31. Qg4 h5 32. Qg2 h4 33. Qf2 h3 34. Qxa7 h2+
35. Kh1 Kd7 36. Bb5+ Ke7 37. Qxb7 Kf6 38. Re1 g4 39. Rxf4+ exf4 40. e5+ dxe5 41.
Qc6+ Kf5 42. Qe6+ Kg5 43. Rxe5+ Kh4 44. Qe7+ Qxe7 45. Rxe7 Kg3 46. Re1 Kf2 47.
Rf1+ Ke3 48. Nd1+ Kd2 49. Nf2 g3 50. Rd1+ Ke3 51. Ng4+ Kf3 52. Ne5+ Ke3 53. Re1+
Kd2 54. Re4 g2+ 55. Kxg2 h1=Q+ {White resigns} 0-1

[Event "Team 45 45 League T44"]
[Site "Internet Chess Club"]
[Date "2010.02.12"]
[Round "2"]
[White "Moxley"]
[Black "Traho"]
[Result "1/2-1/2"]
[WhiteElo "1394"]
[BlackElo "1258"]
[Opening "Caro-Kann: advance variation"]
[ECO "B12"]
[Time "19:00:27"]
[TimeControl "2700+45"]

1. e4 c6 2. d4 d5 3. e5 Bf5 4. Bd3 Bxd3 5. Qxd3 e6 6. Be3 Nd7 7. Nf3 c5 8. c3 c4
9. Qc2 Be7 10. Nbd2 b5 11. b3 Nb6 12. Rb1 h6 13. bxc4 bxc4 14. h4 f6 15. Qg6+
Kf8 16. Nf1 Qe8 17. Qxe8+ Kxe8 18. Ng3 Na4 19. Ne2 Ba3 20. Rb7 Ne7 21. O-O Kf7
22. h5 Rhb8 23. Rfb1 Nb6 24. Rxb8 Rxb8 25. Bc1 Bxc1 26. Nxc1 f5 27. Ne2 Rg8 28.
Nh4 g6 29. Nxg6 Nxg6 30. hxg6+ Rxg6 31. Rb5 Rg8 32. Rc5 Rc8 33. a4 Rxc5 34. dxc5
Nxa4 35. c6 Ke8 36. Nd4 Ke7 37. Nb5 a6 38. Nd6 Kd8 39. Nxf5 Nxc3 40. Nd4 Nb5 41.
Nxe6+ Ke7 42. Nf4 Nc7 43. Kf1 a5 44. Ke1 a4 45. Kd1 a3 46. Kc1 Ne6 47. Nxd5+ Kd8
48. Kb1 Nd4 49. c7+ Kc8 50. Nb6+ Kxc7 51. Nxc4 Kc6 52. Nxa3 Kd5 53. f4 Nf5 54.
Nc2 Ke4 55. e6 Kxf4 56. Nd4 Ne7 57. Kc2 Ke5 58. Kd3 Ng6 59. Ke3 h5 60. g3 Kd5
61. Kd3 Ne5+ 62. Ke3 Ng6 63. Kd3 Ne5+ {Game drawn by mutual agreement} 1/2-1/2

[Event "Team 45 45 League T44"]
[Site "Internet Chess Club"]
[Date "2010.02.12"]
[Round "2"]
[White "WzeroMN"]
[Black "ffplayer"]
[Result "1-0"]
[WhiteElo "1218"]
[BlackElo "1009"]
[Opening "King's pawn opening"]
[ECO "B07"]
[Time "17:00:22"]
[TimeControl "2700+45"]

1. e4 d6 2. d4 Nd7 3. Bb5 c6 4. Bc4 Ngf6 5. Nc3 e5 6. dxe5 dxe5 7. Nf3 Bb4 8.
Bd2 O-O 9. O-O Bxc3 10. Bxc3 Re8 11. Re1 Qc7 12. Qd2 Nc5 13. Qe3 Ncxe4 14. Ng5
Nxg5 15. Qxg5 Be6 16. Bxe5 Qe7 17. Bxe6 Qxe6 18. Bc3 Qd6 19. Rxe8+ Rxe8 20. Bxf6
Qxf6 21. Qxf6 gxf6 22. Kf1 Re7 23. Re1 Rxe1+ 24. Kxe1 Kf8 25. Ke2 Ke7 26. Ke3
Ke6 27. c4 c5 28. g4 Ke5 29. f4+ Ke6 30. Ke4 b6 31. b3 h6 32. a3 a6 33. a4 a5
34. f5+ Kd6 35. h3 Kc6 36. h4 Kd6 37. Kf4 Kc6 38. g5 h5 39. gxf6 Kd6 40. Ke4 Kc6
41. Ke5 Kd7 42. Kf4 Kd6 43. Kg5 Ke5 44. Kxh5 Kxf6 45. Kh6 Kxf5 46. h5 Kf6 47.
Kh7 Kg5 48. h6 Kf6 49. Kg8 Kg6 50. h7 {Black resigns} 1-0

[Event "Team 45 45 League T44"]
[Site "Internet Chess Club"]
[Date "2010.02.13"]
[Round "2"]
[White "Toalla"]
[Black "BosqueVerde"]
[Result "1-0"]
[WhiteElo "1274"]
[BlackElo "1126"]
[Opening "QGD Slav defense: exchange variation"]
[ECO "D10"]
[Time "12:04:34"]
[TimeControl "2700+45"]

1. d4 d5 2. c4 c6 3. cxd5 cxd5 4. Nf3 Nc6 5. e3 Nf6 6. Nc3 Bf5 7. Bd3 Ne4 8.
Bxe4 dxe4 9. Ng5 Qa5 10. O-O e6 11. Ngxe4 Be7 12. Ng3 Bg6 13. Bd2 O-O 14. a3
Rac8 15. b4 Qc7 16. Rc1 Rfd8 17. b5 Na5 18. Nd5 Qd6 19. Nxe7+ Qxe7 20. Bxa5 b6
21. Bb4 Qb7 22. Qe2 Rd5 23. a4 Rg5 24. f3 h5 25. Bd2 h4 26. e4 Rxg3 27. hxg3
hxg3 28. Bf4 Rd8 29. Rc7 Qb8 30. Rd1 Kh7 31. Bxg3 f5 32. Rxg7+ Kxg7 33. Bxb8
Rxb8 {Black resigns} 1-0

[Event "Team 45 45 League T44"]
[Site "Internet Chess Club"]
[Date "2010.02.14"]
[Round "2"]
[White "WannaB"]
[Black "carolinaknight"]
[Result "0-1"]
[WhiteElo "971"]
[BlackElo "1240"]
[Opening "French: Winawer, Petrosian variation"]
[ECO "C16"]
[Time "16:01:00"]
[TimeControl "2700+45"]

1. e4 e6 2. d4 d5 3. Nc3 Bb4 4. e5 Qd7 5. Bd2 b6 6. Nb5 Bxd2+ 7. Qxd2 Ba6 8. a4
c6 9. Nd6+ Ke7 10. Bxa6 Nxa6 11. Nf3 c5 12. Qg5+ Kf8 13. O-O cxd4 14. Nxd4 h6
15. Qf4 Qe7 16. Nc6 Qd7 17. Nb4 Nxb4 18. Qxb4 Ne7 19. c4 Ng6 20. cxd5 Nxe5 21.
Rfe1 Nd3 22. Qa3 Nxe1 23. Rxe1 Ke7 24. Nf5+ Kf6 25. Ne3 exd5 26. Qd3 Rhe8 27.
Qd4+ Re5 28. Qf4+ Ke6 29. Qg4+ f5 30. Qg6+ Ke7 31. Qxg7+ Kd6 32. Qxh6+ Qe6 33.
Qxe6+ Kxe6 34. Kf1 Rc8 35. f4 Re4 36. b3 Rc3 37. Kf2 Rxb3 38. g3 Ra3 39. Rd1
Raxe3 40. h4 Re2+ 41. Kf1 Ra2 42. h5 Rh2 43. Kg1 Rxh5 44. Kg2 Rxa4 45. Rh1 Ra2+
{White resigns} 0-1

[Event "Team 45 45 League T44"]
[Site "Internet Chess Club"]
[Date "2010.02.14"]
[Round "2"]
[White "vaknight"]
[Black "zepled37"]
[Result "1/2-1/2"]
[WhiteElo "1691"]
[BlackElo "1761"]
[Opening "Bird's opening: Lasker variation"]
[ECO "A03"]
[Time "08:09:38"]
[TimeControl "2700+45"]

1. f4 d5 2. Nf3 Nf6 3. e3 c5 4. Bd3 g6 5. b3 Bg7 6. Bb2 O-O 7. O-O Nc6 8. Nc3 a6
9. Na4 b6 10. Qe1 Qc7 11. Qh4 h6 12. Ne5 Ne4 13. Nxc6 Qxc6 14. Bxe4 dxe4 15.
Bxg7 Kxg7 16. Qxe7 Bf5 17. Qh4 b5 18. Nc3 Qd7 19. Rf2 Rac8 20. h3 b4 21. Na4 c4
22. Nb6 Qd8 23. Qxd8 Rcxd8 24. Nxc4 Be6 25. Ne5 Rd6 26. d4 exd3 27. Nxd3 Bf5 28.
Rd2 Rfd8 29. Rad1 Be4 30. Kf2 h5 31. g4 h4 32. Ke2 Bg2 33. Ne1 Rxd2+ 34. Rxd2
Rxd2+ 35. Kxd2 Bxh3 36. Nf3 Bxg4 37. Nxh4 f6 38. Ng2 Kh6 39. Ne1 g5 40. Nd3 a5
41. c3 bxc3+ 42. Kxc3 Bf5 43. fxg5+ fxg5 44. Kd4 g4 45. e4 g3 46. Nf4 Kg5 47.
Ke3 Bd7 48. a3 Bb5 49. e5 Bc6 50. e6 g2 51. Ne2 Kf6 52. Kd4 Kxe6 53. Kc5 Bf3 54.
Ng1 Bd1 55. b4 axb4 56. axb4 Ba4 57. b5 Bc2 58. Kd4 Kd6 59. Ke3 Bb3 60. Kf2 Bd5
61. Ne2 Ke5 62. b6 Kf5 63. Nc3 Bc6 64. Na4 Kg4 65. Nc5 Kh3 66. Kg1 Kg4 67. b7
Bxb7 68. Nxb7 Kf3 {Game drawn by mutual agreement} 1/2-1/2

[Event "Team 45 45 League T44"]
[Site "Internet Chess Club"]
[Date "2010.02.13"]
[Round "2"]
[White "BrerRabbit"]
[Black "quaksterjohny"]
[Result "1-0"]
[WhiteElo "1514"]
[BlackElo "1393"]
[Opening "English: Caro-Kann defensive system"]
[ECO "A11"]
[Time "19:03:19"]
[TimeControl "2700+45"]

1. c4 c6 2. g3 d5 3. Bg2 Nf6 4. Nf3 dxc4 5. Qc2 Be6 6. Na3 Na6 7. Nxc4 Nb4 8.
Qc3 Nfd5 9. Qb3 b5 10. Na3 a5 11. Qd1 Qb6 12. O-O Nf6 13. b3 a4 14. Bb2 Bd5 15.
Nb1 axb3 16. axb3 Rxa1 17. Bxa1 Qa6 18. Nc3 Be6 19. Bb2 Na2 20. Nd4 Nxc3 21.
Bxc3 Bd5 22. Qa1 Qc8 23. Qb2 e6 24. d3 Be7 25. Rc1 O-O 26. b4 Qa6 27. Ra1 Qb7
28. Nb3 Ra8 29. Na5 Qb6 30. e4 Bxe4 31. dxe4 Rd8 32. Nb3 Qc7 33. Bf3 e5 34. Bd2
Bd6 35. Be3 Bxb4 36. Bc5 Bxc5 37. Nxc5 Qd6 38. Qc2 Qd4 39. Rd1 Qxd1+ 40. Bxd1 h6
41. f3 Kf8 42. Nd3 Rd6 43. Nxe5 Ke7 44. Kf1 Nd7 45. Nxd7 Kxd7 46. Ke1 Kc7 47.
Qb3 f6 48. Qf7+ Rd7 49. Qb3 Kb6 50. Bc2 c5 51. Qe6+ Kc7 52. e5 fxe5 53. Qxe5+
Kc6 54. Be4+ Kb6 55. Qe6+ Kc7 56. Qc6+ Kd8 57. Qxc5 {Black resigns} 1-0

[Event "Team 45 45 League T44"]
[Site "Internet Chess Club"]
[Date "2010.02.13"]
[Round "2"]
[White "check-man"]
[Black "sly20"]
[Result "1/2-1/2"]
[WhiteElo "1520"]
[BlackElo "1364"]
[Opening "Caro-Kann: Panov-Botvinnik attack, 5...e6"]
[ECO "B14"]
[Time "13:00:12"]
[TimeControl "2700+45"]

1. e4 c6 2. d4 d5 3. exd5 cxd5 4. c4 Nf6 5. Nc3 e6 6. cxd5 Nxd5 7. Bd2 Be7 8.
Bc4 O-O 9. Nf3 b6 10. O-O Nxc3 11. Bxc3 Ba6 12. Qe2 Bxc4 13. Qxc4 Nd7 14. Rad1
Rc8 15. Qa4 Nf6 16. Qxa7 Ra8 17. Qb7 Rxa2 18. Ne5 Qd6 19. Nc4 Qd5 20. Qxd5 Nxd5
21. Ra1 Rfa8 22. Rab1 b5 23. Ne3 Nb6 24. Rfd1 b4 25. Be1 Rd8 26. b3 Nd5 27. Nxd5
Rxd5 28. Rbc1 f6 29. Rc8+ Kf7 30. Rb8 Rb2 31. Rd3 e5 32. g3 Rxd4 33. Rxd4 exd4
34. Bxb4 Bxb4 35. Rxb4 d3 36. Rd4 Rxb3 37. Kg2 Ke6 38. Kf3 Ke5 39. Rd7 d2+ 40.
Ke2 Rb2 41. Rxd2 Rxd2+ 42. Kxd2 g5 43. Ke3 f5 44. f4+ gxf4+ 45. gxf4+ Kd5 46.
Kd3 {Game drawn by mutual agreement} 1/2-1/2

[Event "Team 45 45 League T44"]
[Site "Internet Chess Club"]
[Date "2010.02.11"]
[Round "2"]
[White "Quaq"]
[Black "Dolphin"]
[Result "0-1"]
[WhiteElo "1571"]
[BlackElo "1652"]
[Opening "English, 1...Nf6 (Anglo-Indian defense)"]
[ECO "A15"]
[Time "15:00:18"]
[TimeControl "2700+45"]

1. c4 Nf6 2. g3 g6 3. Bg2 Bg7 4. Nc3 O-O 5. Nf3 d6 6. h3 Nc6 7. O-O Bd7 8. d3
Re8 9. Rb1 e5 10. e4 Qc8 11. Kh2 Nd4 12. Bg5 h6 13. Bxf6 Bxf6 14. Nd5 Bg7 15.
Nxd4 exd4 16. f4 c6 17. Nb4 f5 18. b3 Kh7 19. Rc1 a5 20. Nc2 c5 21. Re1 Bc6 22.
Re2 Re7 23. exf5 Qe8 24. Rxe7 Qxe7 25. fxg6+ Kxg6 26. Qg4+ Kh7 27. Re1 Qf7 28.
Qe6 Rf8 29. Bxc6 bxc6 30. Qe4+ Qf5 31. Qxf5+ Rxf5 32. Re7 Rf6 33. Kg2 Kg8 34.
Kf2 Rf7 35. Re1 Kf8 36. Re2 Re7 37. Ne1 Rxe2+ 38. Kxe2 Kf7 39. Nf3 Kf6 40. Nd2
d5 41. Kf3 Ke6 42. Kg4 Bf8 43. Nf3 Bg7 44. f5+ Kf6 45. Nh4 Bf8 46. Kf4 Bd6+ 47.
Kg4 h5+ 48. Kf3 Kg5 49. Kf2 Bc7 50. Ng6 Bd6 51. Nf4 Bxf4 52. h4+ Kxf5 53. gxf4
Kxf4 54. Ke2 Kg4 55. Kf2 Kxh4 56. Kf3 Kg5 57. Kg3 h4+ 58. Kf3 h3 59. Kg3 h2 60.
Kxh2 Kf4 61. Kg1 Ke3 62. Kf1 Kxd3 {White resigns} 0-1

[Event "Team 45 45 League T44"]
[Site "Internet Chess Club"]
[Date "2010.02.13"]
[Round "2"]
[White "clarinetref"]
[Black "LazyPeon"]
[Result "0-1"]
[WhiteElo "1595"]
[BlackElo "1626"]
[Opening "English: Torre defensive system"]
[ECO "A11"]
[Time "10:37:54"]
[TimeControl "2700+45"]

1. Nf3 d5 2. c4 c6 3. g3 Nf6 4. b3 Bg4 5. Bg2 Nbd7 6. Bb2 e6 7. h3 Bf5 8. d3 Bc5
9. O-O Qc7 10. d4 Bd6 11. Qe1 Ne4 12. Kh2 Ndf6 13. Ne5 Nd7 14. f4 f6 15. Nxd7
Kxd7 16. Nc3 Nxg3 17. Qxg3 g5 18. e3 Rag8 19. Qf2 gxf4 20. exf4 Bd3 21. c5 Bxf1
22. Rxf1 Be7 23. Kh1 Rg7 24. Nd1 Rhg8 25. Ne3 f5 26. b4 Qd8 27. Qe2 Bh4 28. Bc3
Qf6 29. b5 Qh6 30. bxc6+ Kxc6 31. Be1 Bxe1 32. Rf3 Bh4 33. Qc2 Rg3 34. Qa4+ Kc7
35. Qa5+ Kb8 36. Nxf5 Rxg2 37. Nxh4 Qxh4 38. Qe1 {White resigns} 0-1

[Event "Team 45 45 League T44"]
[Site "Internet Chess Club"]
[Date "2010.02.11"]
[Round "2"]
[White "chesshawk"]
[Black "tryanything"]
[Result "1-0"]
[WhiteElo "1488"]
[BlackElo "1555"]
[Opening "QGD: Albin counter-gambit, Alapin variation"]
[ECO "D08"]
[Time "14:55:37"]
[TimeControl "2700+45"]

1. d4 d5 2. c4 e5 3. dxe5 d4 4. Nf3 Nc6 5. Nbd2 Nge7 6. Nb3 Ng6 7. Nbxd4 Bb4+ 8.
Bd2 Ngxe5 9. Nxe5 Bxd2+ 10. Qxd2 Nxe5 11. Rc1 O-O 12. g3 c5 13. Nb3 Qc7 14. Bg2
Be6 15. Qc2 Rad8 16. Nd2 b6 17. O-O Rd7 18. b3 Rfd8 19. Rfd1 Nc6 20. Bxc6 Qxc6
21. Nf3 Rxd1+ 22. Rxd1 Rxd1+ 23. Qxd1 h6 24. Qd8+ Kh7 25. Qd3+ g6 26. Ne5 Qb7
27. Qf3 Qc7 28. Ng4 Bxg4 29. Qxg4 h5 30. Qf3 Qd7 31. Qd3 Qe7 32. Kg2 Kg7 33. Qe3
Qb7+ 34. Qf3 Qd7 35. a3 a5 36. Qc3+ Kh7 37. b4 axb4 38. axb4 cxb4 39. Qxb4 Qb7+
40. Kg1 Qc7 41. Qb5 Kg7 42. f4 f5 43. Kf2 Kf6 44. Qd5 Ke7 45. Ke3 Qa7 46. Qe5+
Kf7 47. Qd5+ Kf6 48. Qd6+ Kf7 49. Kd3 Qb7 50. Kc3 Qa6 51. Qd7+ Kf6 52. Qd6+ Kf7
53. Qd5+ Kf6 54. Kb4 Qa7 55. Kb5 Qa5+ 56. Kc6 Qa2 57. Kxb6 Qxe2 58. Qe5+ Qxe5
59. fxe5+ Kxe5 60. c5 {Black resigns} 1-0

[Event "Team 45 45 League T44"]
[Site "Internet Chess Club"]
[Date "2010.02.12"]
[Round "2"]
[White "rcddcr"]
[Black "Burbia"]
[Result "1-0"]
[WhiteElo "1548"]
[BlackElo "1368"]
[Opening "French: classical variation"]
[ECO "C14"]
[Time "17:00:18"]
[TimeControl "2700+45"]

1. e4 e6 2. d4 d5 3. Nc3 Nf6 4. Bg5 Be7 5. e5 Nfd7 6. Bxe7 Qxe7 7. Nf3 O-O 8.
Bd3 c5 9. O-O c4 10. Be2 a6 11. Qd2 h6 12. Rab1 b5 13. b3 b4 14. Na4 c3 15. Qe3
a5 16. Ne1 Nc6 17. Nf3 Ba6 18. Bxa6 Rxa6 19. Qd3 Raa8 20. Rfe1 Rfb8 21. Ra1 Nd8
22. h3 Nb7 23. a3 Nb6 24. Nxb6 Ra7 25. axb4 Qxb4 26. Na4 Nd8 27. Nxc3 Rc7 28.
Na4 Nb7 29. Re3 Rbc8 30. c3 Qxb3 31. Nd2 {Black resigns} 1-0

[Event "Team 45 45 League T44"]
[Site "Internet Chess Club"]
[Date "2010.02.13"]
[Round "2"]
[White "PANAMA-REY"]
[Black "Shiri2000"]
[Result "0-1"]
[WhiteElo "1435"]
[BlackElo "1455"]
[Opening "Caro-Kann defense"]
[ECO "B11"]
[Time "13:00:10"]
[TimeControl "2700+45"]

1. e4 c6 2. Nc3 d5 3. exd5 cxd5 4. d4 Nc6 5. Bb5 Nf6 6. Nge2 Bg4 7. f3 Bf5 8.
O-O e6 9. a3 Bd6 10. Bg5 O-O 11. Bh4 Qb6 12. Bxc6 bxc6 13. b3 Nd7 14. Qd2 c5 15.
Bf2 cxd4 16. Na4 Qc7 17. Nxd4 Bxh2+ 18. Kh1 Bf4 19. Qe2 Bg6 20. Be3 Bxe3 21.
Qxe3 e5 22. Nb5 Qxc2 23. Rac1 Qf5 24. Nd6 Qh5+ 25. Kg1 Nf6 26. Rc7 d4 27. Qc1
Nd5 28. Rc5 Ne3 29. Rf2 Rad8 30. Rc6 a5 31. Nb6 Bd3 32. Nb7 Bb5 33. Rc7 Rb8 34.
a4 Be8 35. Nd7 Bxd7 36. Rxd7 Qg6 37. Rc7 Qb6 38. Qc6 Qxc6 39. Rxc6 Rxb7 40. Rc5
Re8 41. Rxa5 Rxb3 42. Ra2 d3 43. Kf2 Nc4 44. Rd5 d2 45. Ke2 f5 46. a5 e4 47.
fxe4 Rxe4+ 48. Kd1 Ne3+ 49. Kxd2 Nxd5 {White resigns} 0-1

[Event "Team 45 45 League T44"]
[Site "Internet Chess Club"]
[Date "2010.02.14"]
[Round "2"]
[White "bajerk"]
[Black "David2500"]
[Result "0-1"]
[WhiteElo "1290"]
[BlackElo "1357"]
[Opening "Bishop's opening: Berlin defense"]
[ECO "C24"]
[Time "10:00:14"]
[TimeControl "2700+45"]

1. e4 e5 2. Bc4 Nf6 3. d3 Nc6 4. a3 d5 5. exd5 Nxd5 6. Nf3 Bg4 7. h3 Bh5 8. Bb5
Bxf3 9. Qxf3 Qd7 10. O-O a6 11. Bc4 Nf6 12. Bg5 Be7 13. Nc3 h6 14. Bd2 Bc5 15.
Ne4 Nxe4 16. Qxe4 O-O-O 17. b4 Ba7 18. b5 axb5 19. Bxb5 Rhe8 20. Be3 Bd4 21.
Bxd4 exd4 22. Qf3 Qd5 23. Qxd5 Rxd5 24. Bc4 Rf5 25. Rfe1 Ree5 26. Kf1 Kb8 27.
Re2 Rxe2 28. Kxe2 Ne5 29. Bb3 g5 30. f3 Rf6 31. a4 Ra6 32. Rf1 f6 33. f4 Nd7 34.
fxg5 hxg5 35. Ra1 Nc5 36. Kf3 Nxb3 37. cxb3 Re6 38. Kf2 c5 39. Re1 Rxe1 40. Kxe1
Kc7 41. Kf2 Kd6 42. Kg3 Ke5 43. h4 gxh4+ 44. Kf3 Kf5 45. Kf2 Kf4 46. Ke2 Kg3 47.
Kf1 f5 48. a5 f4 49. Kg1 f3 50. gxf3 Kxf3 {White resigns} 0-1

[Event "Team 45 45 League T44"]
[Site "Internet Chess Club"]
[Date "2010.02.14"]
[Round "2"]
[White "pedrin"]
[Black "MeansToAnEnd"]
[Result "0-1"]
[WhiteElo "991"]
[BlackElo "1136"]
[Opening "Sicilian: Canal-Sokolsky attack, 3...Bd7"]
[ECO "B52"]
[Time "11:59:21"]
[TimeControl "2700+45"]

1. e4 c5 2. Nf3 d6 3. Bb5+ Bd7 4. Bxd7+ Qxd7 5. O-O Nc6 6. d4 cxd4 7. Nxd4 Nxd4
8. Qxd4 Nf6 9. Nc3 g6 10. Nd5 Bg7 11. Bg5 e5 12. Nxf6+ Bxf6 13. Qe3 Bxg5 14.
Qxg5 O-O 15. Rfd1 Qc6 16. Rd2 Kg7 17. f3 Rad8 18. Rad1 Qb6+ 19. Kh1 Qxb2 20.
Rxd6 Rxd6 {White resigns} 0-1